 Dungeon Sprint DCSS version 0.30.1-3-gfc49f6343a (webtiles) character file.

Game seed: 16850341753337289275

232 Revguard the Questioner (level 5, -6/40 (46) HPs)
             Began as a Demonspawn Gladiator on July 30, 2023.
             Was an Initiate of Ru.
             Mangled by a +2 scimitar of holy wrath (13 damage)
             ... in the Dungeon (Sprint V: "Ziggurat Sprint").
             The game lasted 00:02:50 (299 turns).

Revguard the Questioner (Demonspawn Gladiator)       Turns: 299, Time: 00:02:51

HP:   -6/40 (46)    AC: 29    Str: 28    XL:     5   Next: 73%
MP:   9/9           EV:  9    Int: 10    God:    Ru [......]
Gold: 0             SH:  0    Dex: 14    Spells: 4/4 levels left

rFire   . . .        E - +13 scythe of Curses {drain, curses, Drain}
rCold   . . .        (shield currently unavailable)
rNeg    . . .        F - +15 Maxwell's patent armour {-Cast -Tele rElec Will+ rCorr}
rPois   .            (helmet restricted)
rElec   +            (no cloak)
rCorr   +            (no gloves)
SInv    .            (no boots)
Will    +....        (no amulet) Stlth
                     z - +6 ring of strength
HPRegen 0.26/turn    A - +6 ring of strength
MPRegen 0.11/turn

%: no teleportation, no spellcasting
@: heavily drained
A: horns 1, icy blue scales 1, demonic guardian 1
a: Renounce Religion


You were in the Dungeon.
You worshipped Ru.
Ru was noncommittal.
You visited 1 branch

Inventory:

Hand Weapons
 a - a +0 trident
 E - the +13 scythe of Curses (weapon) {drain, curses, Drain}
   (You found it in the Dungeon)

   Drain:     It drains your maximum health when unequipped.
Missiles
 d - 3 throwing nets (quivered)
 e - a javelin
Armour
 b - a +0 leather armour
 c - a +0 helmet
 F - the +15 Maxwell's patent armour (worn) {-Cast -Tele rElec Will+ rCorr}
   (You found it in the Dungeon)

   rElec:     It insulates you from electricity.
   -Cast:     It prevents spellcasting.
   -Tele:     It prevents most forms of teleportation.
   rCorr:     It protects you from acid and corrosion.
   Will:      It increases your willpower.
Jewellery
 o - a ring of fire
 u - a ring of flight
 v - a +6 ring of dexterity
 w - a +6 ring of dexterity
 x - a +6 ring of intelligence
 y - a +6 ring of intelligence
 z - a +6 ring of strength (left hand)
 A - a +6 ring of strength (right hand)
Wands
 B - a wand of roots (12)
 C - a wand of mindburst (7)
 D - a wand of light (7)
Scrolls
 k - 4 scrolls of blinking
 q - 4 scrolls of amnesia
 r - 7 scrolls of fog
 s - 5 scrolls of identify
 t - 2 scrolls of fear
Potions
 f - 10 potions of curing
 g - 10 potions of heal wounds
 h - 6 potions of haste
 i - 7 potions of magic
 j - 3 potions of berserk rage
 l - 2 potions of brilliance
 m - 2 potions of invisibility
 n - 4 potions of resistance
 p - 5 potions of might


   Skills:
 + Level 5.7 Fighting
 + Level 5.5 Polearms
 - Level 1.7 Throwing
 + Level 4.7 Armour
 + Level 5.2 Dodging
 + Level 6.2 Invocations
 + Level 4.8 Evocations


You had 4 spell levels left.
You didn't know any spells.
Your spell library was empty.

Dungeon Overview and Level Annotations

Branches:
Dungeon (1/1)

Altars:
Ashenzari
Cheibriados
Dithmenos
Fedhas
Gozag
Hepliaklqana
Kikubaaqudgha
Makhleb
Nemelex Xobeh
Okawaru
Qazlal
Ru
Sif Muna
Trog
Uskayaw
Vehumet
Wu Jian
Xom
Yredelemnul
Jiyva
Lugonu

Annotations:
D 1 transporter


Innate Abilities, Weirdness & Mutations

You have a pair of small horns on your head.
You are partially covered in icy blue scales. (AC +2)
A weak demonic guardian rushes to your aid.


Message History

A +1 dire flail of draining, a +1 halberd of protection and a +2 scimitar of holy wrath come into view.
Found three items.
Found a transporter.
Reach: E) +13 scythe of Curses {drain, curses, Drain}
Press: ? - help, Dir - move target, f - +2 scimitar of holy wrath
Aim: a +2 scimitar of holy wrath (about 50% to evade the +13 scythe of Curses)
You reach to attack!
You completely miss the +2 scimitar of holy wrath.
The +1 dire flail of draining closely misses you.
The +2 scimitar of holy wrath hits you!!
You convulse.
The +1 halberd of protection hits you but does no damage.
The +1 dire flail of draining completely misses you.
The +2 scimitar of holy wrath barely misses you.
You closely miss the +2 scimitar of holy wrath.
The +1 dire flail of draining hits you.
You feel drained.
The +2 scimitar of holy wrath hits you but does no damage.
The +1 halberd of protection hits you but does no damage.
The +1 dire flail of draining hits you but does no damage.
You feel drained.
The +2 scimitar of holy wrath hits you but does no damage.
The +1 halberd of protection hits you but does no damage.
The +1 dire flail of draining hits you but does no damage.
You feel drained.
The +2 scimitar of holy wrath hits you but does no damage.
The +1 halberd of protection hits you but does no damage.
You closely miss the +2 scimitar of holy wrath.
The +1 dire flail of draining hits you but does no damage.
You feel drained. The +2 scimitar of holy wrath hits you.
You convulse!
* * * LOW HITPOINT WARNING * * *
A demonic guardian appears!
The +1 halberd of protection hits you but does no damage.
The +1 dire flail of draining barely misses you.
The +2 scimitar of holy wrath hits you but does no damage.
The +1 halberd of protection hits you but does no damage.
The +1 dire flail of draining hits you.
* * * LOW HITPOINT WARNING * * *
You feel drained.
* * * LOW HITPOINT WARNING * * *
The +2 scimitar of holy wrath hits you!
You die...

▓▓▓▓▓▓▓▓▓▓▓▓▓
▓.8©8.▓.8©8.▓
▓.|=".▓...†.▓
▓.....▓...|.▓
▓.....▓.....▓
▓..(..▓..†..▓
▓.((..▓..©..▓
▓..@.5▓▓▓▓▓▓▓
▓▓▓▓▓▓▓


You could see 3 dancing weapons and a friendly white imp (summoned).

Vanquished Creatures
  A jumping spider (D)
  A scorpion (D)
2 creatures vanquished.

Notes
Turn   | Place    | Note
-------+----------+-------------------------------------------
     0 | D        | Revguard the Demonspawn Gladiator began the quest for the
                  | Orb.
     0 | D        | Reached XP level 1. HP: 16/16 MP: 1/1
     0 | D        | Found a shimmering blue altar of Sif Muna.
     0 | D        | Found a bloodstained altar of Trog.
     0 | D        | Found a sacrificial altar of Ru.
     0 | D        | Found a stormy altar of Qazlal.
     0 | D        | Found an iron altar of Okawaru.
     1 | D        | Found a sparkling altar of Nemelex Xobeh.
     1 | D        | Found a blossoming altar of Fedhas.
     1 | D        | Found the +6 Majin-Bo {spellvamp, MP+6 Int+6}
     1 | D        | Found the +27 heavy crossbow "Sniper" {heavy, Acc+∞ SInv}
     1 | D        | Found the +10 dark maul {heavy}
     1 | D        | Found the +15 Maxwell's patent armour {-Cast -Tele rElec
                  | Will+ rCorr}
     1 | D        | Found the +18 shield of the Gong {Loud rN+ Will+ rCorr
                  | EV-5}
     1 | D        | Found the +16 obsidian axe {drain, demonic, Mesm Drain Fly
                  | SInv}
     1 | D        | Found the +7 great mace "Firestarter" {flame, immolate,
                  | rFlCloud rF++}
     1 | D        | Found the +6 shillelagh "Devastator" {shatter}
     1 | D        | Found the +11 plutonium sword {Contam Stlth-}
     1 | D        | Found the +8 lance "Wyrmbane" {slay drac, rPois rF+ rC+
                  | AC+3}
     1 | D        | Found the +9 sword of Zonguldrok {reap}
     1 | D        | Found the +13 scythe of Curses {drain, curses, Drain}
     1 | D        | Found the +9 sword of Power {lifebolt}
     1 | D        | Found the +7 mace of Variability {chaos, chaos arc}
     1 | D        | Found the +11 Singing Sword {sonic wave}
     1 | D        | Found the +8 storm bow {elec, penet}
     3 | D        | Found a transporter.
     3 | D        | Found an ancient bone altar of Kikubaaqudgha.
     3 | D        | Found a viscous altar of Jiyva.
     3 | D        | Found a corrupted altar of Lugonu.
     3 | D        | Found a hazy altar of Hepliaklqana.
     3 | D        | Found a burning altar of Makhleb.
     3 | D        | Found an opulent altar of Gozag.
     8 | D        | Banished a spatial maelstrom
   139 | D        | Became a worshipper of Ru the Awakened
   156 | D        | Reached skill level 2 in Invocations
   156 | D        | Gained mutation: You are partially covered in icy blue
                  | scales. (AC +2) [demonic ancestry]
   156 | D        | Reached XP level 2. HP: 25/25 MP: 2/4
   180 | D        | Entered arena 2.
   180 | D        | Noticed a scorpion
   180 | D        | Noticed a jumping spider
   180 | D        | Found a transporter.
   181 | D        | Killed a scorpion
   182 | D        | Reached skill level 4 in Invocations
   182 | D        | Reached XP level 3. HP: 20/31 MP: 4/6
   190 | D        | Killed a jumping spider
   191 | D        | Reached skill level 5 in Fighting
   191 | D        | Reached skill level 5 in Polearms
   191 | D        | Reached skill level 5 in Dodging
   191 | D        | Reached skill level 6 in Invocations
   191 | D        | Gained mutation: You have a pair of small horns on your
                  | head. [demonic ancestry]
   191 | D        | Reached XP level 4. HP: 16/40 MP: 5/8
   191 | D        | Gained mutation: A weak demonic guardian rushes to your
                  | aid. [demonic ancestry]
   191 | D        | Reached XP level 5. HP: 18/46 MP: 5/9
   295 | D        | Entered arena 3.
   295 | D        | Noticed a +1 dire flail of draining
   295 | D        | Noticed a +1 halberd of protection
   295 | D        | Noticed a +2 scimitar of holy wrath
   295 | D        | Found a transporter.
   299 | D        | Mangled by a +2 scimitar of holy wrath

Illustrated notes

Levels and vault maps discovered:
D:        sprint_v [room_start, room_1, room_2, room_3, room_4, room_5, room_6,
          room_7, room_8, room_9, room_10, room_11, room_12, room_13, room_14,
          room_15, room_16, room_17, room_18, room_19, room_20, room_21,
          room_22, room_23, room_24, room_25, room_26, room_27]

Skill      XL: |  1  2  3 |
---------------+----------+-----
Fighting       | 3 4 5 |  5.7
Polearms       | 4 5 |  5.5
Armour         | 2 3 4 |  4.7
Dodging        | 3 4 5 |  5.2
Invocations    | 2 4 6 |  6.2
Evocations     | 2 3 4 |  4.8
Throwing       | |  1.7

Action                     |  1- 3 |  4- 6 || total
---------------------------+-------+-------++-------
  Melee: Scythe            |     4 |     3 ||     7
    Use: Potion            |     1 |       ||     1
 Armour: Plate armour      |     6 |    13 ||    19
  Dodge: Dodged            |     2 |     4 ||     6
